 Dungeon Crawl Stone Soup version 0.16-a0-269-gd5b6136 (webtiles) character file.

506 PotatoesMaster the Slinger (level 7, -3/43 HPs)
             Began as a Halfling Hunter on Aug 25, 2014.
             Was an Initiate of Gozag.
             Killed from afar by an orc wizard (8 damage)
             ... with a puff of flame
             ... on Level 3 of the Dungeon.
             The game lasted 00:19:08 (3141 turns).

PotatoesMaster the Slinger (Halfling Hunter)        Turns: 3141, Time: 00:19:09

HP  -3/43        AC  3     Str 12      XL: 7   Next: 41%
MP   7/7         EV 14     Int  9 (10) God: Gozag
Gold 249         SH  0     Dex 17      Spells:  0 memorised,  6 levels left

rFire  . . .     SeeInvis .     a - +0 short sword
rCold  . . .     Clarity  .     d - +0 leather armour
rNeg   . . .     rCorr    .     (no shield)
rPois  .         rRot     .     (no helmet)
rElec  .         Spirit   .     (no cloak)
SustAb .         Warding  .     (no gloves)
rMut   .         Stasis   .     (no boots)
Gourm  .                        o - amulet of rage
MR     .....                    (no ring)
                                (no ring)

@: not resistant to hostile enchantments, unstealthy
A: mutation resistance 1
a: Potion Petition, Call Merchant, Bribe Branch, Renounce Religion, Evoke
Berserk Rage


You were on level 3 of the Dungeon.
You worshipped Gozag.
Gozag was noncommittal.
You were not hungry.

You visited 1 branch of the dungeon, and saw 3 of its levels.

You collected 361 gold pieces.
You paid 112 gold pieces to Gozag.

Inventory:

Hand weapons
 a - a +0 short sword (weapon)
 b - a +1 hunting sling
Armour
 d - a +0 leather armour (worn)
 n - a +0 ring mail
Comestibles
 h - 2 bread rations
 j - 3 meat rations
Scrolls
 i - 2 scrolls of amnesia
 k - a scroll of teleportation
 l - a scroll of remove curse
Jewellery
 o - an amulet of rage (around neck)
Potions
 c - a potion of resistance
 f - a potion of heal wounds
 g - 2 potions of curing


   Skills:
 + Level 1.1 Fighting
 + Level 0.6 Short Blades
 + Level 10.7 Slings
 + Level 1.8 Armour
 + Level 3.5 Dodging
 + Level 1.1 Stealth


You had 6 spell levels left.
You didn't know any spells.

Dungeon Overview and Level Annotations

Branches:
Dungeon (3/15)

Altars:
Gozag
Nemelex Xobeh
Okawaru


Innate Abilities, Weirdness & Mutations

You are small and have problems with some larger weapons.
You are somewhat resistant to further mutation.


Message History

You hear some strange, mumbled words.
The magic dart hits you!
* * * LOW HITPOINT WARNING * * *
You miss something.
You hear some strange, mumbled words.
Something tries to affect you, but you resist.
You miss something. You barely miss something.
You hear some strange, mumbled words.
Something tries to affect you, but you resist.
You hit something but do no damage. Something hits you.
* * * LOW HITPOINT WARNING * * *
You barely miss something.
You hear some strange, mumbled words.
A puff of flame appears from out of thin air!
The puff of flame misses you.
You hear some strange, mumbled words.
The puff of flame hits you!
You die...
Your body crumbles into a pile of gold.

##############
........>....#
###.#.######.#
###.#.######.# **##*
#.........##.# **.(,**
....#.#...##.#
**(#**,**
#.#.._..#.##.#####(#*
**,*
..###.#.#.##...)@$(#
*,* ..#
#...#.########.#* **,*
..#
#####..######**.#**,**
..# #.......# **..,**
..# #..####.# **(#*
#.#######..# ##.#####.#
...........# #........#
....#.###..###..#######
..###.###..##...#


There were no monsters in sight!

Vanquished Creatures
  A phantom (D:3)
  An ogre (D:3)
  The ghost of Tux the Magician, an average HEWr (D:3)
  A giant frog (D:3)
  An orc priest (D:3)
  An orc wizard (D:3)
  Natasha (thrice) (D:3)
  2 adders (D:2)
  2 giant geckos
  5 oozes
  11 orcs (D:3)
  4 giant cockroaches
  6 hobgoblins
  A ball python (D:1)
  6 bats
  4 giant newts
  8 goblins
  5 kobolds
  A quokka (D:3)
  4 rats
  A plant (D:1)
69 creatures vanquished.

Notes
Turn   | Place    | Note
--------------------------------------------------------------
     0 | D:1      | PotatoesMaster, the Halfling Hunter, began the quest for the Orb.
     0 | D:1      | Reached XP level 1. HP: 12/12 MP: 1/1
     6 | D:1      | Reached skill level 6 in Slings
    82 | D:1      | Reached XP level 2. HP: 18/18 MP: 2/2
   506 | D:1      | Reached XP level 3. HP: 22/22 MP: 3/3
   636 | D:2      | Reached skill level 7 in Slings
   772 | D:2      | Upgraded the game from 0.16-a0-262-g6fc725f to 0.16-a0-269-gd5b6136
  1219 | D:2      | Found an opulent altar of Gozag.
  1227 | D:2      | Became a worshipper of Gozag Ym Sagoz the Greedy
  1282 | D:2      | Reached XP level 4. HP: 24/27 MP: 4/4
  1834 | D:3      | Noticed a giant frog
  1845 | D:3      | Killed a giant frog
  1845 | D:3      | Reached skill level 1 in Fighting
  1845 | D:3      | Reached skill level 8 in Slings
  1845 | D:3      | Reached skill level 1 in Armour
  1845 | D:3      | Reached XP level 5. HP: 5/33 MP: 5/5
  2107 | D:3      | Noticed Tux's ghost (average HEWr)
  2139 | D:3      | Killed Tux's ghost
  2139 | D:3      | Reached XP level 6. HP: 29/38 MP: 6/6
  2184 | D:3      | Noticed an ogre
  2212 | D:3      | Killed an ogre
  2212 | D:3      | Reached skill level 9 in Slings
  2562 | D:3      | Found a sparkling altar of Nemelex Xobeh.
  2566 | D:3      | Noticed a phantom
  2588 | D:3      | Killed a phantom
  2588 | D:3      | Reached skill level 10 in Slings
  2588 | D:3      | Reached XP level 7. HP: 35/43 MP: 7/7
  2681 | D:3      | Noticed Natasha
  2690 | D:3      | Killed Natasha
  2819 | D:3      | Noticed Natasha
  2825 | D:3      | Killed Natasha
  2899 | D:3      | Noticed Natasha
  2900 | D:3      | Killed Natasha
  2940 | D:3      | Found an iron altar of Okawaru.
  3141 | D:3      | Killed from afar by an orc wizard

Action                   |  1- 3 |  4- 6 |  7- 9 || total
-------------------------+-------+-------+-------++-------
Melee: Short sword       |   131 |     3 |     6 ||   140
 Fire: Hunting sling     |    60 |   141 |    70 ||   271
  Use: Scroll            |     5 |     4 |     1 ||    10
       Potion            |     4 |     1 |     3 ||     8
  Eat: Chunk             |     1 |       |       ||     1
       Pizza             |       |     2 |       ||     2
       Bread ration      |       |     1 |       ||     1
